 Dungeon Crawl Stone Soup version 0.29-a0-911-g88e6f02907 (webtiles) character file.

Game seed: 16737096532618179527

1922 Pooter the Digger (level 9, -10/67 HPs)
             Began as a Gnoll Wanderer on July 25, 2022.
             Was an Initiate of Vehumet.
             Killed from afar by Maggie (22 damage)
             ... with a bolt of fire
             ... on level 6 of the Dungeon.
             The game lasted 00:44:54 (5378 turns).

Pooter the Digger (Gnoll Wanderer)                  Turns: 5378, Time: 00:44:55

Health: -10/67     AC: 11    Str: 15    XL:     9   Next: 17%
Magic:  13/16      EV: 13    Int: 19    God:    Vehumet [......]
Gold:   121        SH:  0    Dex: 11    Spells: 7/18 levels left

rFire   . . .      SeeInvis .   F - staff of earth
rCold   . . .      Faith    .   (no shield)
rNeg    + . .      Spirit   .   B - +2 robe {Will+}
rPois   .          Reflect  .   s - +0 helmet
rElec   .          Harm     .   o - +0 cloak
rCorr   .          Rampage  .   I - +1 pair of gloves
Will    +....                   w - +1 pair of boots
Stlth   +++.......              R - amulet of regeneration
HPRegen 1.01/turn               g - +6 ring of intelligence
MPRegen 0.15/turn               N - ring of positive energy

@: no status effects
A: fangs 1, strong nose, distributed training
a: Renounce Religion


You were on level 6 of the Dungeon.
You worshipped Vehumet.
Vehumet was noncommittal.
You visited 2 branches of the dungeon, and saw 7 of its levels.

You collected 308 gold pieces.
You spent 187 gold pieces at shops.

Inventory:

Hand Weapons
 a - a +0 war axe
   (You found it on level 4 of the Dungeon)
 b - a +2 shortbow of freezing
   (You took it off a centaur on level 5 of the Dungeon)
 m - a +0 hand axe
   (You found it on level 1 of the Dungeon)
 E - a +0 flail
   (You took it off an orc on level 3 of the Dungeon)
 H - a +0 mace
 L - a +0 sling
   (You took it off a goblin on level 2 of the Dungeon)
Missiles
 v - 9 boomerangs (quivered)
 C - 4 poisoned darts
 M - 2 javelins
 Q - 9 stones
Armour
 d - a +0 leather armour
 o - a +0 cloak (worn)
 s - a +0 helmet (worn)
   (You found it on level 2 of the Dungeon)
 w - a +1 pair of boots (worn)
   (You found it on level 3 of the Dungeon)
 B - a +2 robe of willpower (worn)
   (You took it off Sigmund on level 3 of the Dungeon)
 I - a +1 pair of gloves (worn)
   (You bought it in a shop on level 4 of the Dungeon)
 P - a +0 chain mail
   (You took it off an orc warrior on level 6 of the Dungeon)
Magical Staves
 F - a staff of earth (weapon)
   (You took it off a goblin on level 4 of the Dungeon)
Jewellery
 g - a +6 ring of intelligence (left hand)
   (You found it on level 1 of the Dungeon)
 N - a ring of positive energy (right hand)
   (You found it on level 2 of the Dungeon)
 R - an amulet of regeneration (around neck)
   (You found it on level 6 of the Dungeon)
Wands
 u - a wand of paralysis (6)
   (You found it on level 6 of the Dungeon)
 x - a wand of acid (6)
   (You found it on level 4 of the Dungeon)
 A - a wand of roots (7)
   (You took it off Sigmund on level 3 of the Dungeon)
Scrolls
 e - a scroll of immolation {!r}
 f - 2 scrolls of amnesia {unknown}
 j - a scroll of noise {unknown}
 k - a scroll of acquirement {unknown}
 l - a scroll of poison {unknown}
 n - a scroll of magic mapping
 q - a scroll of blinking
 t - 2 scrolls of teleportation {@r4}
 y - a scroll of vulnerability {!r}
 D - a scroll of silence
 G - 2 scrolls of fog {unknown}
Potions
 c - 6 potions of heal wounds {@q2}
 h - a potion of cancellation {unknown}
 i - a potion of haste {unknown}
 p - a potion of lignification {unknown}
 r - a potion of might {unknown}
 z - 3 potions of degeneration {unknown}
 J - a potion of curing {unknown}
 K - a potion of mutation {unknown}
 O - 2 potions of magic {unknown}


   Skills:
 + Level 4.9 Fighting
 + Level 4.1 Short Blades
 + Level 4.1 Long Blades
 + Level 4.1 Axes
 + Level 6.2 Maces & Flails
 + Level 4.1 Polearms
 + Level 4.1 Staves
 + Level 4.1 Ranged Weapons
 + Level 4.9 Throwing
 + Level 4.9 Armour
 + Level 4.1 Dodging
 + Level 4.8 Stealth
 + Level 4.1 Shields
 + Level 4.1 Unarmed Combat
 + Level 5.1 Spellcasting
 + Level 3.4 Conjurations
 + Level 3.4 Hexes
 + Level 3.4 Summonings
 + Level 3.4 Necromancy
 + Level 3.4 Translocations
 + Level 3.4 Transmutations
 + Level 3.4 Fire Magic
 + Level 3.4 Ice Magic
 + Level 3.4 Air Magic
 + Level 6.5 Earth Magic
 + Level 3.4 Poison Magic
 + Level 4.5 Invocations
 + Level 4.1 Evocations


You had 7 spell levels left.
You knew the following spells:

 Your Spells              Type           Power      Damage    Failure   Level
a - Sandblast             Erth           88%        2d18      1%          1
b - Animate Armour        Summ/Erth      70%        N/A       16%         4
c - Leda's Liquefaction   Hex/Erth       17%        N/A       16%         4
d - Wereblood             Tmut           17%        N/A       4%          2

Your spell library contained the following spells:

 Spells                   Type           Power      Damage    Failure   Level
 Sublimation of Blood     Necr           17%        N/A       4%          2
 Summon Hydra             Summ           8%         N/A       100%        7


Dungeon Overview and Level Annotations

Branches:
Dungeon (6/15)             Temple (1/1) D:6

Altars:
Ashenzari
Dithmenos
Elyvilon
Fedhas
Gozag
Hepliaklqana
Kikubaaqudgha
Nemelex Xobeh
Qazlal
Ru
Trog
Uskayaw
Vehumet
Wu Jian
Yredelemnul
Zin
The Shining One

Shops:
D:4 [

Annotations:
D:3 1 runed translucent door, Crazy Yiuf
D:6 Maggie


Innate Abilities, Weirdness & Mutations

You have very sharp teeth.
Your uncanny sense of smell can sniff out nearby items.
Your experience applies equally to all skills.


Message History

You kneel at the altar of Vehumet.
Vehumet welcomes you!
There is a staircase back to the Dungeon here.
You climb upwards.
Welcome back to the Dungeon!
There is a staircase to the Ecumenical Temple here.
A black bear comes into view.
The black bear growls angrily.
Your +2 shortbow of freezing stops glowing.
F - a staff of earth (weapon)
Aim: a black bear (87% to hit)
You feel a surge of power!
The blast of sand hits the black bear!!
Aim: a black bear (severely wounded, 87% to hit)
You feel a surge of power!
The blast of sand hits the black bear!
You kill the black bear!
Vehumet accepts your kill.
You open the door.
There is an open door here.
There is an open door here.
You open the door.
A white imp comes into view.
The white imp shouts!
You throw a boomerang.
The boomerang closely misses the white imp.
You hear a shout!
You throw a boomerang.
The boomerang hits the white imp but does no damage.
Maggie the Vainglorious comes into view.
She is wielding a +0 halberd.
Aim: a white imp (83% to hit)
You feel a surge of power!
The blast of sand hits the white imp!
You kill the white imp!
Vehumet accepts your kill.
You can't see any susceptible monsters within range! (Use Z to cast anyway.)
You throw a boomerang. The boomerang hits Maggie.
Aim: Maggie, wielding a +0 halberd and wearing +0 steam dragon scales (lightly wounded, 83% to hit)
You feel a surge of power!
The blast of sand hits Maggie!!
Maggie gestures at you while chanting. The bolt of fire hits you!!
Maggie points at you and mumbles some strange words.
The bolt of fire hits you!!
* * * LOW HITPOINT WARNING * * *
Aim: Maggie, wielding a +0 halberd and wearing +0 steam dragon scales (heavily wounded, 83% to hit)
You feel a surge of power!
The blast of sand hits Maggie.
Aim: Maggie, wielding a +0 halberd and wearing +0 steam dragon scales (heavily wounded, 83% to hit)
You feel a surge of power!
The blast of sand hits Maggie!!
Maggie gestures at you while chanting. The bolt of fire hits you!
* * * LOW HITPOINT WARNING * * *
Maggie gestures at you while chanting. The bolt of fire hits you!!
You die...

#.≈≈≈♣≈♣≈..#
#.#####†..'.......
PP≈♣♣P♣≈≈≈P###.#
#.###....... #.P♣
PPP≈≈≈P.##.#####.#
########
.PPP♣≈PP.........#
#P.P≈≈P≈.......#######
##.P≈≈P....#........#
##.≈P≈##.#.#.#####.#
#P≈♣≈##.##.##
#P≈≈≈##@#### #PP≈≈.#'#
##≈P≈ .@. ####.....
....... .........
+.........+
P≈P.......#


You could see Maggie.

Vanquished Creatures
  Grinder (D:4)
  Sigmund (D:3)
  A steam dragon (D:6)
  A water moccasin (D:5)
  An orc warrior (D:6)
  2 black bears
  3 ogres
  2 centaurs (D:5)
  A phantom (D:5)
  A necrophage (D:5)
  2 electric eels (D:6)
  A jelly (D:4)
  An orc priest (D:6)
  2 hounds (D:5)
  2 iguanas
  Jessica (D:3)
  2 orc wizards
  Robin (D:3)
  3 adders
  A shadow imp (D:5)
  4 white imps
  A worm (D:3)
  3 dart slugs
  12 orcs
  4 endoplasms
  2 giant cockroaches
  18 goblins
  13 hobgoblins
  2 jackals (D:1)
  4 quokkas
  5 ball pythons
  6 bats
  6 frilled lizards
  6 kobolds
  10 rats
126 creatures vanquished.

Vanquished Creatures (others)
  5 plants (D:6)
5 creatures vanquished.

Grand Total: 131 creatures vanquished

Notes
Turn   | Place    | Note
-------+----------+-------------------------------------------
     0 | D:1      | Pooter the Gnoll Wanderer began the quest for the Orb.
     0 | D:1      | Pooter set off with the following items: a +0 mace, a +0
                  | cloak, a +0 leather armour, a scroll of teleportation
                  | {@r4}; and the following spell memorised: Sandblast; and
                  | the following spells available to memorise: Animate Armour,
                  | Leda's Liquefaction.
     0 | D:1      | Reached XP level 1. HP: 17/17 MP: 4/4
    95 | D:1      | Reached XP level 2. HP: 23/23 MP: 3/5
   483 | D:1      | Reached XP level 3. HP: 28/28 MP: 4/7
   816 | D:1      | Reached skill level 1 in Invocations
  1009 | D:2      | Reached skill level 1 in Short Blades
  1009 | D:2      | Reached skill level 1 in Long Blades
  1009 | D:2      | Reached skill level 1 in Axes
  1009 | D:2      | Reached skill level 1 in Polearms
  1009 | D:2      | Reached skill level 1 in Staves
  1009 | D:2      | Reached skill level 1 in Ranged Weapons
  1009 | D:2      | Reached skill level 1 in Dodging
  1009 | D:2      | Reached skill level 1 in Shields
  1009 | D:2      | Reached skill level 1 in Unarmed Combat
  1009 | D:2      | Reached skill level 1 in Evocations
  1323 | D:2      | Reached XP level 4. HP: 30/34 MP: 5/8
  1746 | D:3      | Found a faded altar of an unknown god.
  1788 | D:3      | Found a runed translucent door.
  1789 | D:3      | Noticed Crazy Yiuf
  1908 | D:3      | Reached skill level 1 in Conjurations
  1908 | D:3      | Reached skill level 1 in Hexes
  1908 | D:3      | Reached skill level 1 in Summonings
  1908 | D:3      | Reached skill level 1 in Necromancy
  1908 | D:3      | Reached skill level 1 in Translocations
  1908 | D:3      | Reached skill level 1 in Transmutations
  1908 | D:3      | Reached skill level 1 in Fire Magic
  1908 | D:3      | Reached skill level 1 in Ice Magic
  1908 | D:3      | Reached skill level 1 in Air Magic
  1908 | D:3      | Reached skill level 1 in Poison Magic
  2004 | D:3      | Noticed Sigmund
  2086 | D:3      | Noticed Jessica
  2090 | D:3      | Killed Jessica
  2208 | D:3      | Noticed Robin
  2236 | D:3      | Killed Robin
  2237 | D:3      | Reached XP level 5. HP: 39/40 MP: 3/9
  2498 | D:3      | Killed Sigmund
  2499 | D:3      | Reached skill level 5 in Maces & Flails
  2499 | D:3      | Reached XP level 6. HP: 47/47 MP: 7/11
  2534 | D:3      | Learned a level 4 spell: Animate Armour
  2539 | D:3      | Learned a level 4 spell: Leda's Liquefaction
  2655 | D:4      | Noticed Grinder
  3100 | D:4      | Found Fyhuokus's Antique Armour Shoppe.
  3441 | D:4      | Reached XP level 7. HP: 52/52 MP: 10/12
  3458 | D:4      | Bought a pair of runed gloves for 187 gold pieces
  3502 | D:4      | Paralysed by Grinder for 3 turns
  3507 | D:4      | Killed Grinder
  3797 | D:5      | Entered Level 5 of the Dungeon
  3883 | D:5      | Reached XP level 8. HP: 46/60 MP: 5/14
  4979 | D:6      | Reached XP level 9. HP: 67/67 MP: 13/16
  5085 | D:6      | Learned a level 2 spell: Wereblood
  5111 | D:6      | Reached skill level 5 in Spellcasting
  5282 | D:6      | Found a staircase to the Ecumenical Temple.
  5293 | Temple   | Entered the Ecumenical Temple
  5313 | Temple   | Became a worshipper of Vehumet
  5373 | D:6      | Noticed Maggie
  5378 | D:6      | Killed from afar by Maggie

Illustrated notes

Levels and vault maps discovered:
D:1:      sevenhm_arrival_forest_fort_small_3, layout_loops_ring
D:2:      minmay_wonky_spiral, layout_loops_ring
D:3:      layout_basic, hellmonk_ecumenical_altar_pennies_from_heaven,
          uniq_crazy_yiuf_cottage, uniq_robin, uniq_jessica, uniq_sigmund
D:4:      layout_basic, serial_shops, shop, hex_large, uniq_grinder
D:5:      layout_gridville
D:6:      layout_loops_corners, minmay_temple_entry_trees, serial_bayou,
          serial_bayou_pond_c, serial_bayou_pond_a, serial_bayou_shore_a,
          serial_bayou_lagoon_a, kennysheep_small_spiral, uniq_maggie
Temple:   nicolae_temple_bog_church

Skill      XL: |  1  2  3  4  5  6  7  8  9 |
---------------+----------------------------+-----
Invocations    | 1 2 3 4 |  4.5
Short Blades   | 1 2 3 4 |  4.1
Long Blades    | 1 2 3 4 |  4.1
Axes           | 1 2 3 4 |  4.1
Polearms       | 1 2 3 4 |  4.1
Staves         | 1 2 3 4 |  4.1
Ranged Weapons | 1 2 3 4 |  4.1
Dodging        | 1 2 3 4 |  4.1
Shields        | 1 2 3 4 |  4.1
Unarmed Combat | 1 2 3 4 |  4.1
Evocations     | 1 2 3 4 |  4.1
Spellcasting   | 3 4 5 |  5.1
Conjurations   | 1 2 3 |  3.4
Hexes          | 1 2 3 |  3.4
Summonings     | 1 2 3 |  3.4
Necromancy     | 1 2 3 |  3.4
Translocations | 1 2 3 |  3.4
Transmutations | 1 2 3 |  3.4
Fire Magic     | 1 2 3 |  3.4
Ice Magic      | 1 2 3 |  3.4
Air Magic      | 1 2 3 |  3.4
Poison Magic   | 1 2 3 |  3.4
Fighting       | 3 4 |  4.9
Maces & Flails | 5 6 |  6.2
Throwing       | 3 4 |  4.9
Armour         | 3 4 |  4.9
Stealth        | 3 4 |  4.8
Earth Magic    | 6 |  6.5

Action                   |  1- 3 |  4- 6 |  7- 9 || total
-------------------------+-------+-------+-------++-------
Melee: Mace              |    11 |       |       ||    11
       Bite              |     1 |     1 |       ||     2
       Flail             |       |     7 |       ||     7
       War axe           |       |       |     6 ||     6
       Staff             |       |       |     2 ||     2
 Fire: Sling             |     6 |    61 |    10 ||    77
       Shortbow          |       |       |    54 ||    54
Throw: Stone             |    19 |       |       ||    19
       Boomerang         |       |     3 |    10 ||    13
       Dart              |       |       |     4 ||     4
 Cast: Sandblast         |    36 |    53 |    51 ||   140
       Leda's Liquefacti |       |       |     1 ||     1
       Wereblood         |       |       |     1 ||     1
Evoke: Wand              |       |       |     3 ||     3
  Use: Scroll            |       |     3 |     3 ||     6
Armor: Leather armour    |    11 |    11 |       ||    22
       Robe              |       |     1 |    36 ||    37
Dodge: Dodged            |    17 |    34 |    38 ||    89

Table legend: (Time is in decaauts)
 A = Elapsed time spent in this place.
 B = Non-inter-level travel time spent in this place.
 C = Inter-level travel time spent in this place.
 D = Time resting spent in this place.
 E = Time spent auto-exploring this place.
 F = Levels seen in this place.
 G = Mean time per level.
                   A        B        C        D        E       F      G
               +--------+--------+--------+--------+--------+-----+--------+
         Total |   5557 |   5251 |    306 |   1037 |   3121 |   7 |  793.9 |
       Dungeon |   5526 |   5230 |    296 |   1037 |   3116 |   6 |  921.0 |
        Temple |     31 |     21 |     10 |      0 |      5 |   1 |   31.0 |
               +--------+--------+--------+--------+--------+-----+--------+

Top non-repeatable levels by time:
     D:3: 1402 daAuts
     D:1: 978 daAuts
     D:5: 977 daAuts
     D:2: 796 daAuts
     D:4: 740 daAuts
     D:6: 630 daAuts
  Temple: 31 daAuts
